 Dungeon Crawl Stone Soup version 0.32-a0-814-g0968bab981 (webtiles) character file.

Game seed: 7065229834070358886

5056 Rohain the Carver (level 10, -1/84 HPs)
             Began as an Armataur Fighter on Mar 23, 2024.
             Was a Follower of the Shining One.
             Slain by a gnoll sergeant
             ... wielding a +7 trident of freezing
              (8 damage)
             ... on level 10 of the Dungeon.
             The game lasted 00:13:50 (7772 turns).

Rohain the Carver (Armataur Fighter)                Turns: 7772, Time: 00:13:51

Health: -1/84      AC: 16    Str: 29    XL:     10   Next: 31%
Magic:  10/10      EV:  4    Int:  9    God:    the Shining One [*.....]
Gold:   626        SH:  0    Dex: 12    Spells: 9/9 levels left

rFire   . . .        g - +4 falchion
rCold   . . .        c - +0 buckler
rNeg    . . .        N - +0 plate armour
rPois   .            A - +0 helmet
rElec   .            (no cloak)
rCorr   +            e - +2 pair of gloves
SInv    .            (no barding)
Will    .....        (no amulet) Stlth
                     k - ring of resist corrosion
HPRegen 0.34/turn    B - +6 ring of strength
MPRegen 0.12/turn

%: roll
@: confused, ambrosia-drunk, glowing
A: large, deformed body, tough skin 3, armoured tail, rollpage 2
a: Renounce Religion, Divine Shield


You were on level 10 of the Dungeon.
You worshipped the Shining One.
The Shining One was aware of your devotion.
You visited 2 branches of the dungeon, and saw 11 of its levels.

You collected 626 gold pieces.

Inventory:

Hand Weapons
 a - a +1 long sword
 g - a +4 falchion (weapon)
 F - a +2 great sword
Missiles
 m - 8 curare-tipped darts
 q - 5 javelins (quivered)
 w - a throwing net
 O - 3 poisoned darts
Armour
 b - a +0 scale mail
 c - a +0 buckler (worn)
 e - a +2 pair of gloves (worn)
 i - a +0 pair of boots
 A - a +0 helmet (worn)
 N - a +0 plate armour (worn)
Jewellery
 k - a ring of resist corrosion (left hand)
 v - a ring of fire
 B - a +6 ring of strength (right hand)
 D - a ring of magical power
Wands
 u - a wand of paralysis (20)
 K - a wand of polymorph (7)
Scrolls
 f - a scroll of torment
 r - 4 scrolls of enchant weapon
 s - 7 scrolls of teleportation
 x - 3 scrolls of blinking
 y - a scroll of vulnerability
 z - 2 scrolls of revelation
 G - a scroll of fear
 L - 3 scrolls of identify
 M - a scroll of silence {unknown}
Potions
 d - 2 potions of resistance
 j - 2 potions of mutation
 l - 5 potions of curing
 n - 5 potions of lignification
 o - 2 potions of attraction
 p - 2 potions of berserk rage
 t - 4 potions of invisibility
 C - 2 potions of enlightenment {unknown}
 E - a potion of might
 H - a potion of degeneration {unknown}
 I - a potion of magic
 J - a potion of brilliance {unknown}


   Skills:
 + Level 6.8 Fighting
 * Level 9.1 Long Blades
 + Level 9.0 Armour
 + Level 8.3 Shields


You had 9 spell levels left.
You didn't know any spells.
Your spell library contained the following spells:

 Spells                   Type           Power      Damage    Failure   Level
 Ensorcelled Hibernation  Hex/Ice        0%         N/A       99%         2
 Lesser Beckoning         Tloc           0%         N/A       99%         2
 Scorch                   Fire           0%         2d5       99%         2
 Gell's Gravitas          Tloc           0%         N/A       100%        3
 Passwall                 Erth           0%         N/A       100%        3
 Swiftness                Air            0%         N/A       100%        3
 Teleport Other           Tloc           0%         N/A       100%        3
 Volatile Blastmotes      Fire/Tloc      0%         2d10      100%        3
 Cause Fear               Hex            0%         N/A       100%        4
 Flame Wave               Conj/Fire      0%         2d4       100%        4
 Fulminant Prism          Conj/Alch      0%         3d5       100%        4
 Ignite Poison            Fire/Alch      0%         N/A       100%        4
 Iskenderun's Mystic Bla  Conj/Tloc      0%         2d3       100%        4
 Sticky Flame             Fire/Alch      0%         2d4       100%        4
 Alistair's Intoxication  Alch           0%         N/A       100%        5
 Fireball                 Conj/Fire      0%         3d3       100%        5
 Metabolic Englaciation   Hex/Ice        0%         N/A       100%        5
 Dispersal                Tloc           0%         N/A       100%        6
 Summon Cactus Giant      Summ           0%         N/A       100%        6
 Ignition                 Fire           0%         3d3       100%        8
 Dragon's Call            Summ           0%         N/A       100%        9


Dungeon Overview and Level Annotations

Branches:
Dungeon (10/15)            Temple (1/1) D:7
   Lair: D:8-11         Orc: D:9-12

Altars:
Cheibriados
Dithmenos
Elyvilon
Fedhas
Gozag
Hepliaklqana
Kikubaaqudgha
Ru
Sif Muna
Uskayaw
Wu Jian
Xom
Yredelemnul
Zin
The Shining One

Shops:
D:9 ([:[


Innate Abilities, Weirdness & Mutations

Armour fits poorly on your strangely shaped body.
You have extremely tough skin. (AC +3)
You have a long armoured tail.
You regenerate magic and health when rolling toward enemies. (Rampage Regen)


Message History

The gnoll sergeant freezes you. The gnoll completely misses you.
The gnoll sergeant blocks your attack.
The gnoll sergeant is severely wounded.
You hit the gnoll sergeant.
The gnoll sergeant is severely wounded.
The gnoll sergeant hits you with a +7 trident of freezing.
The gnoll sergeant freezes you. You block the gnoll's attack.
The gnoll hits you but does no damage.
You hit the gnoll sergeant.
The gnoll sergeant is severely wounded.
You block the gnoll sergeant's attack. The gnoll hits you but does no damage.
The gnoll barely misses you.
You hit the gnoll sergeant.
The gnoll sergeant is severely wounded.
The gnoll sergeant hits you with a +7 trident of freezing!
The gnoll sergeant freezes you.
The gnoll hits you but does no damage. x2
You completely miss the gnoll sergeant.
The gnoll sergeant is severely wounded.
The gnoll hits you but does no damage.
The gnoll sergeant hits you but does no damage.
The gnoll hits you but does no damage.
Unknown command.
The gnoll sergeant blocks your attack.
The gnoll sergeant is severely wounded.
The gnoll hits you but does no damage.
The gnoll sergeant hits you with a +7 trident of freezing!
* * * LOW HITPOINT WARNING * * *
The gnoll sergeant freezes you.
* * * LOW HITPOINT WARNING * * *
The gnoll completely misses you.
You are confused.
You feel invigorated. The gnoll hits you with a +0 flail.
* * * LOW HITPOINT WARNING * * *
The gnoll sergeant hits you but does no damage.
The gnoll hits you with a +0 club.
* * * LOW HITPOINT WARNING * * *
You bump into the rock wall.
The gnoll hits you with a +0 flail!
* * * LOW HITPOINT WARNING * * *
The gnoll sergeant hits you with a +7 trident of freezing!
You die...

### #.#
#g#####
#@gg..#
#g###.#
#<# ###


You could see a gnoll sergeant and 3 gnolls.

Vanquished Creatures
  Jeremiah (D:7)
  An unseen horror (D:8)
  Prince Ribbit (D:7)
  2 wyverns
  A wraith (D:6)
  A shadow (D:9)
  Grum (D:9)
  3 steam dragons
  2 acid dragons
  2 orc warriors
  A sky beast (D:8)
  2 black bears (D:6)
  An ogre (D:4)
  3 wolves (D:9)
  2 centaurs
  3 phantoms
  3 kobold brigands
  A scorpion (D:7)
  3 bullfrogs (D:7)
  8 wights
  3 killer bees (D:9)
  5 howler monkeys
  2 orc priests
  4 hounds
  2 iguanas
  A sleepcap (D:5)
  5 orc wizards
  6 gnolls
  11 adders
  A white imp (D:6)
  6 ufetubi
  A ribbon worm (D:3)
  15 orcs
  2 bats
  An endoplasm (D:1)
  A giant cockroach (D:4)
  3 goblins
  12 hobgoblins
  3 jackals
  27 kobolds
  2 quokkas (D:5)
  8 ball pythons
  3 frilled lizards
  3 rats
169 creatures vanquished.

Notes
Turn   | Place    | Note
-------+----------+-------------------------------------------
     0 | D:1      | Rohain the Armataur Fighter began the quest for the Orb.
     0 | D:1      | Reached XP level 1. HP: 18/18 MP: 1/1
    86 | D:1      | You fall into a shaft and drop 1 floor!
   206 | D:1      | Reached XP level 2. HP: 22/25 MP: 2/2
   721 | D:1      | Found a faded altar of an unknown god.
   721 | D:1      | Noticed a smoke demon
   812 | D:2      | Found a shimmering altar of Xom.
  1216 | D:2      | Reached XP level 3. HP: 29/31 MP: 3/3
  1304 | D:3      | Reached XP level 4. HP: 35/38 MP: 4/4
  2210 | D:4      | Reached XP level 5. HP: 45/45 MP: 5/5
  2246 | D:4      | Noticed an ogre
  2253 | D:4      | Killed an ogre
  2461 | D:4      | Reached XP level 6. HP: 46/52 MP: 6/6
  2633 | D:4      | Found an ancient bone altar of Kikubaaqudgha.
  2777 | D:5      | Entered Level 5 of the Dungeon
  2793 | D:4      | Reached skill level 5 in Armour
  3273 | D:5      | Gained mutation: You regenerate magic and health when
                  | rolling toward enemies. (Rampage Regen) [Armataur growth]
  3273 | D:5      | Reached XP level 7. HP: 56/59 MP: 7/7
  3630 | D:6      | Reached skill level 5 in Shields
  3713 | D:6      | Reached skill level 5 in Long Blades
  3791 | D:6      | Noticed a steam dragon
  3801 | D:6      | Killed a steam dragon
  4076 | D:6      | Noticed a wraith
  4101 | D:6      | Killed a wraith
  4102 | D:6      | Reached XP level 8. HP: 42/67 MP: 8/8
  4552 | D:7      | Reached skill level 5 in Fighting
  4677 | D:7      | Noticed Prince Ribbit
  4704 | D:7      | Killed Prince Ribbit
  4992 | D:7      | Reached XP level 9. HP: 74/74 MP: 9/9
  5191 | D:7      | Found a staircase to the Ecumenical Temple.
  5199 | D:7      | Noticed Jeremiah
  5224 | Temple   | Entered the Ecumenical Temple
  5231 | Temple   | Became a worshipper of the Shining One
  5285 | D:7      | Killed Jeremiah
  5686 | D:8      | Noticed an unseen horror
  5699 | D:8      | Killed an unseen horror
  5726 | D:8      | Got the Octavo of the Frigorific Decanter
  6334 | D:9      | Reached * piety under the Shining One
  6487 | D:9      | Noticed Grum
  6494 | D:9      | Killed Grum
  6495 | D:9      | Reached XP level 10. HP: 78/84 MP: 10/10
  6857 | D:9      | Found Coumuj's Armour Emporium.
  6932 | D:9      | Found Yxollu's Book Shoppe.
  7235 | D:9      | Found Kafeo's Weapon Emporium.
  7660 | D:9      | Found Exajegou's Antique Armour Emporium.
  7757 | D:10     | Entered Level 10 of the Dungeon
  7772 | D:10     | Slain by a gnoll sergeant

Illustrated notes

Levels and vault maps discovered:
D:1:      spicycebolla_green_bress_n_ham, layout_basic,
          dreamdust_ecumenical_altar_sealed_demon
D:2:      layout_loops_cross, basic_altar
D:3:      layout_basic
D:4:      layout_rooms, kiku_gazebo_garden_becter
D:5:      layout_basic, guppyfry_early_lair_pool
D:6:      layout_basic, portal_sewer_entry_d, hangedman_decor_points,
          hangedman_abyss_or_decor_passed
D:7:      layout_rooms, minmay_temple_entry_proselytizer, uniq_jeremiah,
          uniq_prince_ribbit1
D:8:      layout_loops_ring
D:9:      layout_stronghold, serial_shops, kennysheep_mini, shop,
          nicolae_shop_window_shopping, nicolae_shop_tiny_real_fake_doors,
          serial_bayou_pond_e, minmay_misc_feat_room, grunt_ministairs_7,
          uniq_grum
D:10:     layout_basic, grunt_temple_overflow_open, st_stairs_1
Temple:   cyrus_circular_temple

Skill      XL: |  1  2  3  4  5  6  7  8  9 10 |
---------------+-------------------------------+-----
Long Blades    | 2 3 4 5 7 8 9 |  9.1
Fighting       | 3 4 5 6 |  6.8
Armour         | 4 5 6 7 8 9 |  9.0
Shields        | 4 5 6 7 8 |  8.3

Action                     |  1- 3 |  4- 6 |  7- 9 | 10-12 || total
---------------------------+-------+-------+-------+-------++-------
  Melee: Long sword        |   138 |   145 |   201 |       ||   484
         Tailslap          |    12 |    19 |    64 |    13 ||   108
         Falchion          |       |       |   179 |   119 ||   298
  Throw: Throwing net      |       |     1 |       |       ||     1
    Use: Scroll            |     4 |     7 |     7 |     1 ||    19
         Potion            |     2 |       |     3 |     1 ||     6
 Armour: Scale mail        |   131 |   162 |   384 |    64 ||   741
         Plate armour      |       |       |       |    84 ||    84
  Dodge: Dodged            |    60 |    59 |   137 |    37 ||   293
  Block: Buckler           |    33 |    43 |    90 |    35 ||   201

Table legend: (Time is in decaauts)
 A = Elapsed time spent in this place.
 B = Non-inter-level travel time spent in this place.
 C = Inter-level travel time spent in this place.
 D = Time resting spent in this place.
 E = Time spent auto-exploring this place.
 F = Levels seen in this place.
 G = Mean time per level.
                   A        B        C        D        E       F      G
               +--------+--------+--------+--------+--------+-----+--------+
         Total |   7899 |   7610 |    289 |    707 |   5255 |  11 |  718.1 |
       Dungeon |   7884 |   7595 |    289 |    707 |   5255 |  10 |  788.4 |
        Temple |     14 |     14 |      0 |      0 |      0 |   1 |   14.0 |
               +--------+--------+--------+--------+--------+-----+--------+

Top non-repeatable levels by time:
     D:9: 1523 daAuts
     D:7: 994 daAuts
     D:6: 946 daAuts
     D:3: 927 daAuts
     D:8: 718 daAuts
     D:5: 715 daAuts
     D:4: 713 daAuts
     D:1: 699 daAuts
     D:2: 633 daAuts
  Temple: 14 daAuts
    D:10: 13 daAuts
